 Dungeon Crawl Stone Soup version 0.26-a0-812-g31a745ddcd (webtiles) character file.

Game seed: 15431898959646741934

844 tognito the Cleaver (level 7, 0/85 HPs)
             Began as a Minotaur Berserker on Nov 22, 2020.
             Was an Elder of Trog.
             Slain by a troll (6 damage)
             ... on level 6 of the Dungeon.
             The game lasted 00:09:39 (5108 turns).

tognito the Cleaver (Minotaur Berserker)            Turns: 5108, Time: 00:09:39

Health: 0/85       AC:  9    Str: 24    XL:     7   Next: 68%
Magic:  6/6        EV:  8    Int:  4    God:    Trog [****..]
Gold:   345        SH:  0    Dex:  9    Spells: 6/6 levels left

rFire    . . .     SeeInvis .   a - +0 war axe
rCold    . . .     Faith    .   (no shield)
rNeg     . . .     Spirit   .   h - +0 chain mail
rPois    +         Reflect  .   (helmet restricted)
rElec    .         Harm     .   (no cloak)
rCorr    .         Rampage  .   (no gloves)
MR       +....                  c - +0 pair of boots
Stlth    ..........             s - amulet of magic regeneration
HPRegen  0.24/turn              j - ring of poison resistance
MPRegen  0.35/turn              t - ring of protection from magic

@: berserking, very quick
A: retaliatory headbutt, horns 2
a: Berserk, Trog's Hand, Brothers in Arms, Renounce Religion


You were on level 6 of the Dungeon.
You worshipped Trog.
Trog was greatly pleased with you.
You visited 1 branch of the dungeon, and saw 6 of its levels.

You collected 345 gold pieces.

Inventory:

Hand Weapons
 a - a +0 war axe (weapon)
Missiles
 b - 44 bolts
 f - 59 poisoned darts (quivered)
 i - 13 boomerangs
Armour
 c - a +0 pair of boots (worn)
 h - a +0 chain mail (worn)
Jewellery
 j - a ring of poison resistance (left hand)
 s - an amulet of magic regeneration (around neck)
 t - a ring of protection from magic (right hand)
Wands
 q - a wand of flame (13)
Scrolls
 d - 7 scrolls of identify {unknown}
 e - 2 scrolls of amnesia {unknown}
 g - 6 scrolls of remove curse {unknown}
 k - 2 scrolls of enchant armour {unknown}
 m - 2 scrolls of fear {unknown}
 n - 2 scrolls of teleportation {unknown}
 o - a scroll of fog {unknown}
 p - 5 scrolls of immolation {unknown}
 r - a scroll of random uselessness {unknown}
 u - a scroll of magic mapping {unknown}
 v - 2 scrolls of enchant weapon {unknown}
Potions
 l - 2 potions of curing
 w - 2 potions of haste


   Skills:
 - Level 3.6 Fighting
 * Level 10.9 Axes
 - Level 2.4 Armour
 - Level 2.1 Dodging


You had 6 spell levels left.
You didn't know any spells.
Your spell library was empty.

Dungeon Overview and Level Annotations

Branches:
Dungeon (6/15)
 Temple: D:4-7

Altars:
Hepliaklqana
Kikubaaqudgha
Ru
Sif Muna
Trog
Vehumet
Wu Jian


Innate Abilities, Weirdness & Mutations

You reflexively headbutt those who attack you in melee.
You have a pair of horns on your head.


Message History

The troll is lightly wounded.
You barely miss the troll.
The troll is lightly wounded.
The troll bites you but does no damage. The troll claws you.
The troll claws you but does no damage.
You hit the troll but do no damage. You headbutt the troll.
The troll is moderately wounded.
The troll bites you! The troll claws you. x2
You slash the troll!
The troll is heavily wounded.
The troll bites you!
* * * LOW HITPOINT WARNING * * *
The troll claws you!
* * * LOW HITPOINT WARNING * * *
The troll claws you but does no damage.
A red film seems to cover your vision as you go berserk!
You feel yourself moving faster!
You feel mighty! The troll bites you!
* * * LOW HITPOINT WARNING * * *
The troll claws you but does no damage. The troll claws you.
You die...

#.# #
#.# #
#.# #
#.# #
#.#
#.#
#.###
#.).#
###@#
#T#
#o#
#.#
#.#
#.#
#..
###


You could see a troll and an orc.

Vanquished Creatures
  An orc warrior (D:6)
  An ogre (D:4)
  A necrophage (D:5)
  A centaur (D:6)
  A jelly (D:5)
  An orc priest (D:3)
  3 orc wizards
  Jessica (D:2)
  2 worker ants
  4 gnolls
  10 adders
  A shadow imp (D:5)
  A white imp (D:5)
  2 ufetubi
  2 oozes
  3 worms
  3 dart slugs
  2 leopard geckos
  12 orcs
  2 ball pythons
  4 giant cockroaches
  12 goblins
  7 hobgoblins
  6 jackals (D:6)
  3 quokkas
  7 bats
  6 frilled lizards
  A jackal zombie (D:2)
  9 kobolds
  12 rats
121 creatures vanquished.

Notes
Turn   | Place    | Note
-------+----------+-------------------------------------------
     0 | D:1      | tognito the Minotaur Berserker began the quest for the Orb.
     0 | D:1      | Reached XP level 1. HP: 19/19 MP: 0/0
    72 | D:1      | Reached skill level 4 in Axes
   156 | D:1      | Reached XP level 2. HP: 26/26 MP: 1/1
   432 | D:1      | Reached skill level 5 in Axes
   545 | D:1      | Reached XP level 3. HP: 25/31 MP: 2/2
   548 | D:1      | Reached ** piety under Trog
  1100 | D:2      | Found a radiant altar of Vehumet.
  1246 | D:2      | Reached skill level 6 in Axes
  1246 | D:2      | Reached XP level 4. HP: 39/39 MP: 3/3
  1454 | D:2      | Noticed Jessica
  1465 | D:2      | Killed Jessica
  1780 | D:3      | Found a sacrificial altar of Ru.
  1784 | D:3      | Reached skill level 7 in Axes
  1784 | D:3      | Reached XP level 5. HP: 34/45 MP: 4/4
  1801 | D:3      | Reached *** piety under Trog
  2391 | D:3      | Reached skill level 8 in Axes
  2394 | D:3      | Reached XP level 6. HP: 36/51 MP: 5/5
  2556 | D:3      | Found an ornate altar of the Wu Jian Council.
  3169 | D:4      | Reached skill level 9 in Axes
  3324 | D:4      | You fall into a shaft and drop 1 floor!
  3324 | D:5      | Entered Level 5 of the Dungeon
  3413 | D:5      | Found an ancient bone altar of Kikubaaqudgha.
  3573 | D:5      | Reached XP level 7. HP: 50/57 MP: 6/6
  4042 | D:5      | Reached skill level 10 in Axes
  4376 | D:5      | Found a hazy altar of Hepliaklqana.
  4776 | D:6      | Reached **** piety under Trog
  4926 | D:6      | Noticed a moth of wrath
  4929 | D:6      | Found a bloodstained altar of Trog.
  5037 | D:6      | Found a shimmering blue altar of Sif Muna.
  5098 | D:6      | Noticed a troll
  5108 | D:6      | Slain by a troll

Illustrated notes

Levels and vault maps discovered:
D:1:      wander_arrival_lonely_grave, layout_loops_cross,
          hangedman_abyss_or_decor_lesser_grid, minmay_misc_feat_doors,
          minmay_split_cup_large
D:2:      layout_basic, overflow_temple_1_default, minmay_tripent, uniq_jessica
D:3:      layout_loops_ring, lemuel_coloured_pillars_altar,
          overflow_temple_1_default
D:4:      layout_basic
D:5:      layout_gridville, kennysheep_mini_moat, lemuel_crystal_altar
D:6:      layout_loops_ring, overflow_temple_1_default, tgw_trog

Skill      XL: |  1  2  3  4  5  6  7 |
---------------+----------------------+-----
Axes           | 4 5 6 7 8 9 10 | 10.9
Fighting       | |  3.6
Armour         | |  2.4
Dodging        | |  2.1

Action                   |  1- 3 |  4- 6 |  7- 9 || total
-------------------------+-------+-------+-------++-------
Melee: Hand axe          |    84 |    80 |       ||   164
       Headbutt          |    15 |    17 |    14 ||    46
       War axe           |       |    42 |    64 ||   106
Throw: Dart              |       |    21 |       ||    21
Invok: Berserk           |       |     2 |     2 ||     4
  Use: Potion            |     3 |     1 |     2 ||     6
Armor: Animal skin       |     7 |       |       ||     7
       Chain mail        |    11 |    77 |    30 ||   118
Dodge: Dodged            |    60 |    57 |    24 ||   141

Table legend: (Time is in decaauts)
 A = Elapsed time spent in this place.
 B = Non-inter-level travel time spent in this place.
 C = Inter-level travel time spent in this place.
 D = Time resting spent in this place.
 E = Time spent auto-exploring this place.
 F = Levels seen in this place.
 G = Mean time per level.
                   A        B        C        D        E       F      G
               +--------+--------+--------+--------+--------+-----+--------+
         Total |   5112 |   4996 |    116 |      0 |   4291 |   6 |  852.0 |
       Dungeon |   5112 |   4996 |    116 |      0 |   4291 |   6 |  852.0 |
               +--------+--------+--------+--------+--------+-----+--------+

Top non-repeatable levels by time:
     D:3: 1085 daAuts
     D:1: 1051 daAuts
     D:5: 974 daAuts
     D:4: 879 daAuts
     D:2: 691 daAuts
     D:6: 428 daAuts
